 Dungeon Crawl Stone Soup version 0.18-a0-1197-g8004e50 (webtiles) character file.

142615 mrath the Warrior (level 16, -2/105 HPs)
             Began as a Minotaur Fighter on Jan 30, 2016.
             Was a High Priest of Okawaru.
             Hit by a javelin of penetration thrown by a merfolk javelineer (10 damage)
             ... on level 4 of the Shoals on Jan 31, 2016.
             The game lasted 05:04:35 (37176 turns).

mrath the Warrior (Minotaur Fighter)               Turns: 37176, Time: 05:04:35

Health: -2/105     AC: 30    Str: 24    XL:     16   Next: 80%
Magic:  22/22      EV: 11    Int: 12    God:    Okawaru [*****.]
Gold:   2089       SH: 23    Dex: 14    Spells: 0 memorised, 15 levels left

rFire  + + .     SeeInvis +     h - +10 morningstar of Guxzoojo {holy, Int+4 Dex+6}
rCold  . . .     Gourm    .     O - +0 crystal plate armour of Cowardice {MR+ Slay+5}
rNeg   . . .     Faith    .     E - +0 large shield
rPois  +         Spirit   .     K - +0 hat
rElec  .         Dismiss  .     a - +1 cloak "Myunuj" {rPois rF++ Str-4 Int+3}
rCorr  .         Reflect  +     y - +1 pair of gloves of Too Many Cooks {+Fly rPois MR++ Dex-2}
SustAt .         Harm     .     M - +1 pair of boots
MR     ++++.                    D - +3 amulet of reflection
Stlth  ..........               R - ring of see invisible
                                z - +3 ring of evasion

@: lethally poisoned (-2 -> -10), studying Fighting, incredibly resistant to
hostile enchantments, extremely unstealthy
A: retaliatory headbutt, horns 2, frail 3, MP-powered wands
a: Heroism, Finesse, Renounce Religion, Evoke Flight


You were on level 4 of the Shoals.
You worshipped Okawaru.
Okawaru was extremely pleased with you.
You were not hungry.

You visited 5 branches of the dungeon, and saw 30 of its levels.
You visited the Abyss 1 time.
You also visited: Labyrinth and Bailey.

You collected 2695 gold pieces.
You spent 606 gold pieces at shops.

Inventory:

Hand Weapons
 h - the +10 morningstar of Guxzoojo (weapon) {holy, Int+4 Dex+6}
   (Okawaru gifted it to you on level 4 of the Lair of Beasts)

   It has been blessed by the Shining One to cause great damage to the undead
   and demons.
   It affects your intelligence (+4).
   It affects your dexterity (+6).
 F - the +5 broad axe "Xeodda" {speed, Int+2}
   (Okawaru gifted it to you on level 7 of the Lair of Beasts)

   Attacks with this weapon are significantly faster.
   It affects your intelligence (+2).
Missiles
 s - 16 tomahawks
 A - 7 silver tomahawks
 B - 8 tomahawks of returning
 C - 13 javelins of returning (quivered)
 I - 13 silver javelins
 Y - 4 exploding tomahawks
Armour
 a - the +1 cloak "Myunuj" (worn) {rPois rF++ Str-4 Int+3}
   (You found it on level 7 of the Lair of Beasts)

   It affects your strength (-4).
   It affects your intelligence (+3).
   It greatly protects you from fire.
   It protects you from poison.
 o - a +0 cloak of invisibility
 y - the +1 pair of gloves of Too Many Cooks (worn) {+Fly rPois MR++ Dex-2}
   (You bought it in a shop on level 10 of the Dungeon)

   It affects your dexterity (-2).
   It protects you from poison.
   It affects your resistance to hostile enchantments.
   It lets you fly.
 E - a +0 large shield (worn)
 K - a +0 hat (worn)
 M - a +1 pair of boots (worn)
 O - the +0 crystal plate armour of Cowardice (worn) {MR+ Slay+5}
   (Okawaru gifted it to you on level 1 of the Orcish Mines)

   It affects your accuracy and damage with ranged weapons and melee attacks
   (+5).
   It affects your resistance to hostile enchantments.
Rods
 H - a +1 iron rod (13/13)
   (You found it on level 7 of the Dungeon)
 U - a +4 lightning rod (10/10)
   (You found it in a labyrinth)
 V - a +2 rod of destruction (14/14)
   (You found it on level 8 of the Lair of Beasts)
 X - a +4 rod of inaccuracy (13/13)
   (You found it in a labyrinth)
Jewellery
 e - an uncursed ring of sustain attributes
 k - an uncursed ring of positive energy
 l - an uncursed ring of resist corrosion
 z - a +3 ring of evasion (left hand)
 D - a +3 amulet of reflection (around neck)
 R - a ring of see invisible (right hand)
Wands
 g - a wand of lightning (11/15)
 q - a wand of heal wounds (7/9)
 Q - a wand of fireball (7/15)
Scrolls
 b - 5 scrolls of magic mapping
 i - a scroll of acquirement {unknown}
 n - 7 scrolls of remove curse
 r - 4 scrolls of fear
 u - 2 scrolls of identify
 x - 11 scrolls of teleportation
Potions
 c - 3 potions of resistance
 d - 4 potions of might
 f - 3 potions of cancellation
 m - 7 potions of curing
 p - 5 potions of haste
 t - 7 potions of lignification
 v - 3 potions of heal wounds
Books
 G - a manual of Fighting
Miscellaneous
 L - a phial of floods
Comestibles
 P - 25 fruits


   Skills:
 + Level 15.6 Fighting
 - Level 13.2(14.5) Axes
 + Level 10.6(13.2) Maces & Flails
 + Level 4.3 Throwing
 + Level 14.2 Armour
 + Level 12.6 Dodging
 + Level 14.3 Shields
 + Level 8.4 Invocations
 + Level 10.3 Evocations


You had 15 spell levels left.
You didn't know any spells.

Dungeon Overview and Level Annotations

Branches:
Dungeon (15/15)            Temple (1/1) D:5            Lair (8/8) D:9
 Shoals (4/4) Lair:3        Snake (0/4) Lair:4        Slime (0/6) Lair:8
    Orc (2/2) D:12            Elf (0/3) Orc:2        Vaults (0/5) D:14
 Depths (0/5) D:15

Altars:
Ashenzari
Cheibriados
Dithmenos
Elyvilon
Fedhas
Gozag
Kikubaaqudgha
Makhleb
Nemelex Xobeh
Okawaru
Pakellas
Qazlal
Ru
Sif Muna
Trog
Vehumet
Xom
Yredelemnul
Zin
The Shining One
Beogh
Jiyva

Shops:
D:10 =!:![   D:14 ?   Orc:2 *:   Shoals:3 }

Annotations:
D:15 exclusion: Roxanne, Roxanne


Innate Abilities, Weirdness & Mutations

You reflexively headbutt those who attack you in melee.
You have a pair of horns on your head.
[You are extremely frail (-30% HP).]
[You expend magic power (3 MP) to strengthen your wands.]


Message History

You feel sick.
The merfolk shouts!
You block the merfolk's attack. x2
You block the merfolk javelineer's attack.
You feel sick.
The merfolk throws a tomahawk.
You reflect the tomahawk off an invisible shield around you!
The tomahawk hits the merfolk!!
The merfolk javelineer throws a javelin of penetration.
The javelin of penetration pierces through you.
* * * LOW HITPOINT WARNING * * *
You feel sick.
The merfolk javelineer throws a javelin of returning.
The javelin of returning hits you!!
* * * LOW HITPOINT WARNING * * *
The weapon returns to the merfolk javelineer!
You block the merfolk's attack.
The merfolk throws a tomahawk.
The tomahawk hits you but does no damage.
The merfolk javelineer throws a javelin of penetration.
The javelin of penetration pierces through you!
You die...

# #.mmmE#..≈≈.# ≈≈ #..
#..(##...≈(######≈≈≈
#...≈##m##....))[...≈≈≈≈≈
#...≈.$....(..≈≈)....≈≈≈≈≈
....≈....mm..^≈).....≈≈≈≈≈
....≈..[.mm.tm(......≈≈≈≈≈
....≈.....≈..m......≈≈≈≈≈≈
....≈......m...###...≈≈≈≈≈≈
....≈≈≈(≈≈≈..@≈###...≈≈≈≈≈≈≈
...!≈≈≈≈≈≈≈≈≈..##....≈≈≈≈≈≈≈≈
...≈≈≈≈≈≈≈≈≈≈.......≈≈≈≈≈≈≈≈≈≈
.≈≈≈≈≈≈≈≈≈≈....#..≈≈≈≈≈≈≈≈≈≈
≈≈≈≈≈≈≈≈...##..≈≈≈≈≈≈≈≈≈≈
≈≈≈≈≈≈≈≈......≈≈≈≈≈≈≈≈≈≈≈
≈≈≈≈≈≈≈.....≈≈≈≈≈≈..≈≈≈≈
≈≈≈≈≈≈≈≈≈...≈≈≈≈≈≈≈≈≈≈≈≈
≈≈≈≈≈≈≈≈≈≈≈≈≈≈≈≈≈≈≈...≈


You could see an alligator snapping turtle, 2 merfolk impalers, 3 merfolk
javelineers and 3 merfolk.

Vanquished Creatures
  Nikola (Shoals:3)
  Rupert (D:14)
  A kraken (Shoals:2)
  Agnes (D:14)
  Aizul (Shoals:1)
  Louise (D:14)
  Azrael (D:14)
  An ettin (D:15)
  A merfolk javelineer (Shoals:4)
  A minotaur (Lab)
  Josephine (Lair:5)
  An ogre mage (D:15)
  Fannar (D:10)
  7 hydras
  A merfolk avatar (Shoals:2)
  2 centaur warriors
  2 death knights (D:15)
  A satyr (Shoals:4)
  13 death yaks
  A tengu warrior (D:15)
  2 merfolk aquamancers
  An alligator snapping turtle (Shoals:2)
  2 orc high priests
  Urug (D:14)
  A hell knight (D:15)
  6 sea snakes
  12 hill giants
  A deep elf mage (D:14)
  2 phantasmal warriors (D:15)
  A wolf spider zombie (D:14)
  A necromancer (D:14)
  2 oklob plants
  10 harpies
  An ugly thing (D:12)
  10 fauns
  6 griffons
  5 orc knights
  5 orc sorcerers (Orc:2)
  3 manticores
  A worldbinder (Abyss:3)
  3 water nymphs
  4 cyclopes
  Maurice (Orc:1)
  7 black mambas
  10 elephants
  11 sirens
  Joseph (D:9)
  3 gargoyles
  23 spiny frogs
  4 centaur skeletons
  2 efreet
  4 komodo dragons
  4 fire drakes
  A tengu conjurer (D:15)
  3 freezing wraiths
  8 trolls
  A minotaur zombie (Lab)
  2 polar bears
  18 merfolk
  9 two-headed ogres
  3 wind drakes (Shoals:1)
  22 blink frogs
  A boulder beetle (Lair:8)
  5 snapping turtles
  A centaur simulacrum (D:14)
  5 starcursed masses (Abyss:3)
  Sigmund (D:3)
  A large abomination (Abyss:3)
  5 water elementals
  9 wraiths
  50 yaks
  4 basilisks
  A basilisk (shapeshifter) (D:14)
  3 fire elementals (D:14)
  Eustachio (D:5)
  2 hungry ghosts
  9 hippogriffs
  A steam dragon (Lair:7)
  A chaos spawn (Abyss:3)
  5 vampire mosquitoes
  2 mottled dragons
  4 wargs
  Edmund (D:5)
  3 wolves
  A spatial vortex (Abyss:3)
  12 water moccasins
  3 hell hounds (D:14)
  12 porcupines
  2 black bears
  49 orc warriors
  2 ice beasts (D:5)
  A sky beast (D:10)
  An eye of draining (D:11)
  A necrophage (D:8)
  14 centaurs
  2 phantoms (D:6)
  23 ogres
  17 crocodiles
  3 big kobolds
  Blork the orc (D:5)
  39 giant frogs
  2 wyvern zombies
  A water moccasin skeleton (D:9)
  2 wyvern skeletons
  3 scorpions
  5 wights
  19 killer bees
  3 electric eels
  6 crimson imps
  5 centaur zombies
  A wasp zombie (D:6)
  3 giant frog zombies
  6 hounds
  2 quasits
  18 orc priests
  3 jellies
  4 giant frog skeletons
  9 iguanas
  Natasha (twice) (D:3)
  16 worker ants
  19 orc wizards
  A killer bee zombie (D:6)
  32 sheep
  A mummy (D:9)
  Robin (D:3)
  A worker ant zombie (D:5)
  7 gnolls
  22 river rats
  10 adders
  6 shadow imps
  6 oozes
  An adder zombie (D:7)
  3 adder skeletons
  4 worms
  8 giant geckos
  121 orcs
  5 giant cockroaches
  15 goblins
  13 hobgoblins
  5 jackals
  17 kobolds
  8 quokkas
  4 ball pythons
  11 bats
  2 giant gecko skeletons
  3 giant newts
  A jackal skeleton (D:4)
  6 rats
  4 bushes
  5 fungi
  11 plants
  4 tentacles
  2 tentacle segments (Shoals:2)
1024 creatures vanquished.

Vanquished Creatures (others)
  A satyr (Shoals:3)
  A deep elf archer (D:15)
  2 manticores
  2 sirens
  An orc warrior (Orc:1)
  7 centaurs
  2 orc priests (Orc:2)
  An orc (Orc:1)
  43 fungi
  17 plants
  23 tentacles
  535 tentacle segments
  18 toadstools (Lair:3)
653 creatures vanquished.

Grand Total: 1677 creatures vanquished

Notes
Turn   | Place    | Note
--------------------------------------------------------------
     0 | D:1      | mrath the Minotaur Fighter began the quest for the Orb.
     0 | D:1      | Reached XP level 1. HP: 19/19 MP: 0/0
   159 | D:1      | Reached XP level 2. HP: 26/26 MP: 1/1
   325 | D:1      | Reached skill level 4 in Axes
   798 | D:1      | Reached XP level 3. HP: 27/31 MP: 2/2
  1156 | D:2      | Found an oddly glowing altar of Pakellas.
  1292 | D:2      | Reached skill level 5 in Axes
  1483 | D:2      | Reached XP level 4. HP: 39/39 MP: 3/3
  1689 | D:3      | Noticed Sigmund
  1780 | D:3      | Noticed Robin
  1791 | D:3      | Killed Robin
  1989 | D:3      | Noticed Natasha
  2004 | D:3      | Killed Natasha
  2004 | D:3      | Reached skill level 6 in Axes
  2582 | D:3      | Noticed Natasha
  2602 | D:3      | Killed Natasha
  2602 | D:3      | Reached XP level 5. HP: 33/45 MP: 4/4
  2832 | D:3      | Reached skill level 7 in Axes
  3239 | D:4      | Reached XP level 6. HP: 43/51 MP: 5/5
  3407 | D:4      | Found an opulent altar of Gozag.
  3476 | D:4      | Reached skill level 8 in Axes
  3634 | D:4      | HP: 2/51 [ogre/giant club (9)]
  3635 | D:4      | Reached skill level 9 in Axes
  3962 | D:4      | Found a bloodstained altar of Trog.
  4076 | D:4      | Reached XP level 7. HP: 42/57 MP: 6/6
  4275 | D:4      | Found a blossoming altar of Fedhas.
  4532 | D:5      | Entered Level 5 of the Dungeon
  4576 | D:5      | Found a staircase to the Ecumenical Temple.
  4576 | D:5      | Noticed Edmund
  4598 | D:5      | Reached skill level 1 in Dodging
  4601 | D:5      | Killed Edmund
  4876 | Temple   | Entered the Ecumenical Temple
  5028 | D:5      | Noticed Blork the orc
  5041 | D:5      | Killed Blork the orc
  5128 | D:4      | Reached XP level 8. HP: 43/67 MP: 7/7
  5246 | D:5      | Noticed Eustachio
  5332 | D:5      | Reached skill level 10 in Axes
  5448 | D:5      | Killed Eustachio
  5465 | D:5      | Reached skill level 5 in Fighting
  5465 | D:5      | Reached skill level 5 in Armour
  5465 | D:5      | Reached skill level 5 in Shields
  6206 | D:6      | Found a stormy altar of Qazlal.
  6389 | D:6      | Found a deep blue altar of Sif Muna.
  6450 | D:6      | Found a glowing golden altar of the Shining One.
  6581 | D:6      | Reached XP level 9. HP: 46/75 MP: 8/8
  6862 | D:6      | Found a shadowy altar of Dithmenos.
  6908 | D:6      | Found a burning altar of Makhleb.
  6909 | D:6      | Found a radiant altar of Vehumet.
  7252 | D:7      | Reached skill level 1 in Evocations
  7343 | D:7      | Reached skill level 5 in Dodging
  7821 | D:7      | Reached skill level 11 in Axes
  7909 | D:7      | Got a crude leather armour
  7989 | D:7      | Identified the +3 leather armour of Zin's Hope {+Fly Str+4 Dex-4} (You found it on level 7 of the Dungeon)
  8056 | D:8      | Found a white marble altar of Elyvilon.
  8817 | D:8      | Found a glowing golden altar of the Shining One.
  9024 | D:5      | Reached XP level 10. HP: 81/85 MP: 10/10
  9159 | D:3      | Killed Sigmund
  9414 | D:9      | Found a staircase to the Lair.
  9586 | D:9      | Found an iron altar of Okawaru.
  9592 | D:9      | Became a worshipper of Warmaster Okawaru
  9694 | D:9      | Noticed Joseph
  9712 | D:9      | Killed Joseph
 10141 | D:9      | Noticed a hill giant
 10149 | D:9      | Killed a hill giant
 10168 | D:9      | Noticed a gargoyle
 10174 | D:9      | Killed a gargoyle
 10195 | D:9      | Reached * piety under Okawaru
 10665 | D:9      | Found a snail-covered altar of Cheibriados.
 10888 | Lair:1   | Entered Level 1 of the Lair of Beasts
 11010 | Lair:1   | Noticed a spiny frog
 11016 | Lair:1   | Killed a spiny frog
 11045 | Lair:1   | Reached ** piety under Okawaru
 11188 | Lair:1   | Reached XP level 11. HP: 84/94 MP: 12/12
 11338 | Lair:1   | You fall through a shaft!
 12006 | Lair:2   | Reached skill level 12 in Axes
 12611 | Lair:2   | Reached *** piety under Okawaru
 13245 | Lair:3   | Found a blossoming altar of Fedhas.
 13256 | Lair:3   | Noticed an oklob plant
 13839 | Lair:3   | Found a staircase to the Shoals.
 13916 | Lair:3   | Noticed a six-headed hydra
 13933 | Lair:3   | Killed a six-headed hydra
 13933 | Lair:3   | Reached **** piety under Okawaru
 14143 | Lair:3   | Reached skill level 5 in Evocations
 14311 | Lair:3   | Noticed a six-headed hydra
 14323 | Lair:3   | Killed a six-headed hydra
 14323 | Lair:3   | Reached skill level 10 in Armour
 14437 | Lair:4   | Reached skill level 10 in Shields
 14463 | Lair:4   | Reached XP level 12. HP: 72/106 MP: 15/15
 15195 | Lair:4   | Found a staircase to the Snake Pit.
 15208 | Lair:4   | Reached ***** piety under Okawaru
 15261 | Lair:4   | Reached skill level 10 in Fighting
 15273 | Lair:4   | Reached skill level 13 in Axes
 15784 | Lair:4   | Received a gift from Okawaru
 15785 | Lair:4   | Got a steaming morningstar {god gift}
 15804 | Lair:4   | Identified the +10 morningstar of Guxzoojo {holy, Int+4 Dex+6} (Okawaru gifted it to you on level 4 of the Lair of Beasts)
 16175 | Lair:5   | Reached skill level 1 in Maces & Flails
 16713 | Lair:5   | Noticed Josephine
 16779 | Lair:5   | Killed Josephine
 17265 | Lair:6   | Found a labyrinth entrance.
 17282 | Lab      | Entered a labyrinth
 17378 | Lab      | Noticed a minotaur
 17387 | Lab      | Killed a minotaur
 17390 | Lab      | Identified the Volume of Flamy Attacks
 17576 | Lair:2   | Identified a +4 rod of inaccuracy (13/13) (You found it in a labyrinth)
 17943 | Lair:7   | Reached XP level 13. HP: 110/115 MP: 17/17
 18018 | Lair:7   | Received a gift from Okawaru
 18018 | Lair:7   | Reached skill level 1 in Invocations
 18202 | Lair:7   | Reached ****** piety under Okawaru
 18717 | Lair:7   | Reached skill level 5 in Maces & Flails
 18946 | Lair:8   | Entered Level 8 of the Lair of Beasts
 19072 | Lair:7   | Received a gift from Okawaru
 19072 | Lair:7   | Reached skill level 10 in Dodging
 19082 | Lair:7   | Got a bloodstained broad axe {god gift}
 19094 | Lair:7   | Identified the +5 broad axe "Xeodda" {speed, Int+2} (Okawaru gifted it to you on level 7 of the Lair of Beasts)
 19536 | Lair:8   | Received a gift from Okawaru
 19891 | Lair:8   | Reached XP level 14. HP: 126/126 MP: 18/18
 20647 | Lair:8   | Found a runed door.
 20647 | Lair:8   | Found a viscous altar of Jiyva.
 20647 | Lair:8   | Found a staircase to the Slime Pits.
 20907 | Lair:2   | Identified a +2 rod of destruction (14/14) (You found it on level 8 of the Lair of Beasts)
 20990 | D:10     | Entered Level 10 of the Dungeon
 21027 | D:10     | Found Ickywkun's Jewellery Boutique.
 21165 | D:10     | Found Rofymuju's Distillery.
 21275 | D:10     | Got a jewelled whip
 21277 | D:10     | Found Qocviaf's Book Emporium.
 21337 | D:10     | Noticed Fannar
 21373 | D:10     | Killed Fannar
 21685 | D:10     | Reached skill level 5 in Invocations
 21744 | D:10     | Found Jyasidgh's Distillery.
 21758 | D:10     | Identified the +6 whip "Tormentor" {vamp, rN+} (You found it on level 10 of the Dungeon)
 21765 | D:10     | Bought a potion of heal wounds for 80 gold pieces
 21779 | D:10     | Found Dos Qoc's Armour Shop.
 21782 | D:10     | Bought the +1 pair of gloves of Too Many Cooks {+Fly rPois MR++ Dex-2} for 324 gold pieces
 21792 | D:10     | Upgraded the game from 0.18-a0-1196-g09327cf to 0.18-a0-1197-g8004e50
 23541 | D:12     | Received a gift from Okawaru
 23929 | D:12     | Found a staircase to the Orcish Mines.
 24021 | Orc:1    | Entered Level 1 of the Orcish Mines
 24245 | Orc:2    | Entered Level 2 of the Orcish Mines
 24377 | Orc:1    | Found a flagged portal.
 24389 | Bailey   | Entered a bailey
 25766 | Orc:1    | Noticed Maurice
 26418 | Orc:2    | Found a staircase to the Elven Halls.
 26498 | Orc:2    | Reached XP level 15. HP: 81/134 MP: 20/20
 27049 | Orc:2    | Found a roughly hewn altar of Beogh.
 27165 | Orc:2    | Found Zipuushua's Book Emporium.
 27186 | Orc:2    | Found Vamior's Assorted Antiques.
 27359 | Orc:1    | Killed Maurice
 27359 | Orc:1    | Received a gift from Okawaru
 27363 | Orc:1    | Got a warped crystal plate armour {god gift}
 27435 | Orc:1    | Identified the +0 crystal plate armour of Cowardice {MR+ Slay+5} (Okawaru gifted it to you on level 1 of the Orcish Mines)
 28161 | Lair:7   | Got a transparent cloak
 28231 | Lair:7   | Identified the +1 cloak "Myunuj" {rPois rF++ Str-4 Int+3} (You found it on level 7 of the Lair of Beasts)
 28568 | Orc:2    | Bought a scroll of teleportation for 63 gold pieces
 28568 | Orc:2    | Bought a scroll of identify for 42 gold pieces
 29560 | D:14     | Found a stormy altar of Qazlal.
 29729 | D:14     | Found a glowing silver altar of Zin.
 29865 | D:14     | Found a gate to the Vaults.
 29973 | D:14     | Noticed Urug
 29998 | D:14     | Killed Urug
 30244 | D:14     | Noticed Azrael
 30254 | D:14     | Killed Azrael
 30372 | D:14     | Found Qegaasiv's Magic Scroll Boutique.
 30375 | D:14     | Bought a scroll of identify for 26 gold pieces
 30375 | D:14     | Bought a scroll of identify for 26 gold pieces
 30375 | D:14     | Bought a scroll of fear for 45 gold pieces
 30499 | D:14     | Noticed Agnes
 30511 | D:14     | Killed Agnes
 30640 | D:14     | Noticed Louise
 30652 | D:14     | Killed Louise
 30792 | D:14     | Noticed Rupert
 30804 | D:14     | Killed Rupert
 30804 | D:14     | Reached skill level 14 in Fighting
 30910 | D:15     | Entered Level 15 of the Dungeon
 30924 | D:15     | Received a gift from Okawaru
 30924 | D:15     | Reached skill level 1 in Throwing
 30925 | D:15     | Got an ichor-stained eveningstar {god gift}
 30926 | D:15     | Identified the +1 eveningstar of Urgency {venom, *Contam +Rage rN++ Int-2} (Okawaru gifted it to you on level 15 of the Dungeon)
 31297 | D:15     | Found a staircase to the Depths.
 32278 | D:15     | Noticed Roxanne
 32755 | Shoals:1 | Entered Level 1 of the Shoals
 32791 | Shoals:1 | Reached XP level 16. HP: 144/147 MP: 20/22
 33070 | Shoals:1 | Noticed Aizul
 33083 | Shoals:1 | Killed Aizul
 33083 | Shoals:1 | Received a gift from Okawaru
 33466 | Shoals:1 | Noticed a kraken
 34013 | Shoals:2 | Noticed a kraken
 34175 | Shoals:2 | Reached skill level 10 in Maces & Flails
 34490 | Shoals:2 | Reached skill level 10 in Evocations
 34579 | Shoals:2 | Killed a kraken
 34579 | Shoals:2 | Reached skill level 15 in Fighting
 34627 | Shoals:2 | Got a twisted lajatang
 35643 | Shoals:3 | Found Zuhef's Gadget Shop.
 35691 | Shoals:3 | Received a gift from Okawaru
 35700 | Shoals:3 | Got a jewelled demon blade {god gift}
 36076 | Shoals:3 | Noticed Nikola
 36094 | Shoals:3 | Killed Nikola
 36658 | Shoals:4 | Entered Level 4 of the Shoals
 37022 | Shoals:4 | Cast into level 3 of the Abyss (a Zot trap)
 37166 | Shoals:4 | Escaped the Abyss
 37176 | Shoals:4 | Hit by a javelin of penetration thrown by a merfolk javelineer

Vault maps used:
D:1:      lightli_arrival_chessboard, serial_forest, infiniplex_forest_corner_1,
          infiniplex_forest_zigzag_1, infiniplex_forest_end_2,
          infiniplex_forest_side_room, infiniplex_forest_straight_4,
          infiniplex_forest_clump_small
D:2:      grunt_pakellas_mercury, first_bread, kennysheep_another_room
D:3:      uniq_sigmund, uniq_robin, uniq_natasha
D:4:      kennysheep_mini, marbit_many_paths, grunt_gozag_statues
D:5:      minmay_temple_entry_junction, serial_shops, nicolae_shop_trees,
          uniq_blork_the_orc, uniq_eustachio, uniq_edmund
D:6:      grunt_temple_overflow_lords_of_destruction, led_sif_book,
          kennysheep_little_box, grunt_dithmenos_smoke_and_mirrors,
          lemuel_round_altar, st_stairs_14
D:8:      elyvilon_altar_5, grunt_ogre_cave, kennysheep_decorative_pillar,
          nicolae_tso_swordbearing_angel
D:9:      slow_altar_2, lemuel_round_altar, lair_0_dummy,
          hangedman_minor_gate_pass, uniq_joseph
D:10:     serial_shops, nicolae_shop_trees, shop, nicolae_shop_trees,
          kennysheep_mini_moat, shop, uniq_fannar
D:12:     david_orc_4
D:14:     david_vaults_1, basic_altar, serial_shops, nicolae_shop_behind_doors,
          zin_angel, uniq_azrael, uniq_louise, uniq_rupert, uniq_urug,
          uniq_agnes
D:15:     hangedman_depths_entry_civil_slaughter, minmay_misc_feat_iff,
          uniq_roxanne
Temple:   temple_eino_lava_8
Lair:2:   hangedman_lair_unloving_vines, minivault_24, lemuel_fruit_tree
Lair:3:   minmay_shoals_entry_hut, cheibrodos_lair_caveside_slide, tgw_fedhas
Lair:4:   minmay_snake_entry_six_corridors, grunt_megastairs_5,
          serial_bayou_shore_a
Lair:5:   uniq_josephine
Lair:6:   lab_entry_generic
Lair:7:   minmay_lair_oklob_items, serial_bayou_shore_b
Lair:8:   minmay_lair_end_frog_pond, slime_altar_2
Shoals:1: ldierk_geyser, uniq_aizul
Shoals:2: abandoned_shop
Shoals:3: serial_shops, shop, nicolae_shoals_cliffside_cave, uniq_nikola
Shoals:4: shoals_end_simple, shoals_ilsuiw_ice
Orc:1:    enter_bailey_2, uniq_maurice
Orc:2:    pubby_orc_utopia
Abyss:3:  evilmike_abyss_exit_2
Lab:      labyrinth_hidden_loot, lab_statue
Bailey:   bailey_polearm_flooded_kennysheep, bailey

Action                   |  1- 3 |  4- 6 |  7- 9 | 10-12 | 13-15 | 16-18 || total
-------------------------+-------+-------+-------+-------+-------+-------++-------
Melee: War axe           |   101 |   163 |   347 |   564 |       |       ||  1175
       Whip              |       |       |       |    17 |       |       ||    17
       Morningstar       |       |       |       |   148 |  1519 |   360 ||  2027
 Fire: Hunting sling     |       |       |       |       |     3 |       ||     3
Throw: Javelin           |     6 |    14 |    48 |   102 |    48 |    26 ||   244
       Stone             |       |     3 |     5 |     1 |       |       ||     9
       Tomahawk          |       |       |       |     1 |    35 |       ||    36
Invok: Heroism           |       |       |       |    10 |    19 |     8 ||    37
       Finesse           |       |       |       |       |     8 |     4 ||    12
 Abil: Evoke Flight      |       |       |       |       |     1 |       ||     1
Evoke: Wand              |       |       |       |     1 |     4 |     4 ||     9
  Use: Scroll            |       |       |     9 |    10 |    15 |     2 ||    36
       Potion            |       |       |     1 |     2 |     2 |     2 ||     7
  Eat: Chunk             |     2 |     7 |    12 |    24 |    48 |    11 ||   104
       Royal jelly       |       |       |     1 |     1 |     1 |     2 ||     5
       Bread ration      |       |       |     1 |       |       |       ||     1
       Beef jerky        |       |       |       |     2 |     1 |     1 ||     4
       Fruit             |       |       |       |       |     2 |       ||     2
       Pizza             |       |       |       |       |     1 |       ||     1
